 Dungeon Crawl Stone Soup version 0.30.0-20-g3615ddf2f0 (webtiles) character file.

Game seed: 4553006147170880678

3014 qw the Cleaver (level 9, -4/55 HPs)
             Began as a Gargoyle Fighter on May 29, 2023.
             Killed by the air
             ... invoked by Gastronok
              (11 damage)
             ... on level 8 of the Dungeon.
             The game lasted 00:03:50 (7051 turns).

qw the Cleaver (Gargoyle Fighter)                   Turns: 7051, Time: 00:03:50

Health: -4/55      AC: 25    Str: 24      XL:     9   Next: 85%
Magic:  0/9        EV:  6    Int:  7 (9)  God:
Gold:   478        SH:  9    Dex:  8 (9)  Spells: 8/8 levels left

rFire   . . .        Y - +1 war axe
rCold   + . .        r - +0 kite shield
rNeg    + . .        h - +0 plate armour
rPois   inf          t - +0 helmet
rElec   +            p - +0 cloak
rCorr   .            (no gloves)
SInv    .            (no boots)
Will    .....        s - amulet of guardian spirit Stlth
                     e - +4 ring of protection
HPRegen 0.29/turn    f - ring of protection from cold
MPRegen 0.11/turn

%: guardian spirit
@: about to teleport
A: sickness immunity, AC +6, negative energy resistance 1, electricity
resistance, torment resistance 1, petrification resistance
a: no special abilities


You were on level 8 of the Dungeon.
You visited 2 branches of the dungeon, and saw 9 of its levels.

You collected 478 gold pieces.


Innate Abilities, Weirdness & Mutations

You are immune to sickness and miasma.
Your stone body is resilient. (AC +6)
You are immune to poison.
You resist negative energy. (rN+)
You are resistant to electric shocks. (rElec)
You are resistant to unholy torment.
You are immune to petrification.


   Skills:
 - Level 6.1 Fighting
 + Level 8.7 Axes
 - Level 1.8 Throwing
 - Level 5.3 Armour
 - Level 1.5 Dodging
 - Level 8.0 Shields


You had 8 spell levels left.
You didn't know any spells.
Your spell library was empty.

Inventory:

Hand Weapons
 b - a +0 hand axe of flaming
 Y - a +1 war axe (weapon)
Missiles
 k - 4 boomerangs (quivered)
Armour
 h - a +0 plate armour (worn)
 p - a +0 cloak (worn)
 r - a +0 kite shield (worn)
 t - a +0 helmet (worn)
Jewellery
 e - a +4 ring of protection (left hand)
 f - a ring of protection from cold (right hand)
 g - a ring of willpower
 s - an amulet of guardian spirit (around neck)
Scrolls
 i - 3 scrolls of teleportation
 m - a scroll of identify
Potions
 a - a potion of attraction
 d - 3 potions of might
 l - a potion of cancellation
 n - a potion of magic {unknown}
 o - a potion of resistance {unknown}
 q - a potion of haste {unknown}
 u - 2 potions of curing
 v - a potion of mutation {unknown}

Dungeon Overview and Level Annotations

Branches:
Dungeon (8/15)             Temple (1/1) D:5
   Lair: D:8-11

Altars:
Cheibriados
Dithmenos
Elyvilon
Gozag
Hepliaklqana
Kikubaaqudgha
Makhleb
Nemelex Xobeh
Qazlal
Trog
Uskayaw
Vehumet
Xom
Zin
The Shining One

Shops:
D:1 *   D:3 :

Annotations:
D:3 1 runed translucent door, Crazy Yiuf
D:8 2 transporters, Gastronok


Message History

You hit Gastronok.
Gastronok is lightly wounded.
You hit the bat.
You kill the bat!
The bat's corpse disappears in a puff of smoke!
You hit the bat.
You kill the bat!
The bat's corpse disappears in a puff of smoke!
Gastronok gurgles, "A snack!
A snack!"
Gastronok bites you!!
You slash Gastronok!
Gastronok is moderately wounded.
You slash Gastronok!
Gastronok is moderately wounded.
Gastronok bites you!
You slash Gastronok!
Gastronok is heavily wounded.
You hit Gastronok.
Gastronok is heavily wounded.
Gastronok makes a strange noise.
Gastronok chants a spell, wobbling all the while.
You hit Gastronok but do no damage.
Gastronok is heavily wounded.
You barely miss the quokka. You block the quokka's attack.
You slash Gastronok!
Gastronok is heavily wounded.
You slash the quokka!
You kill the quokka!
The quokka's corpse disappears in a puff of smoke!
Gastronok bites you!!
7050 ||| READING 4 scrolls of teleportation.
As you read the scroll of teleportation, it crumbles to dust.
You feel strangely unstable.
You slash Gastronok!
Gastronok is heavily wounded.
Gastronok gurgles, "I bet you'll be tasty."
Gastronok waves his eye-stalks in wide circles.
The air twists around and strikes you!
You die...

##### ....### .......
..##### .##.... r#8..#
###w#o$#..
#.@.#yZ.......#..##
#..^#O=....^..#^..#
##...#c$.......#...#
#.##.#O$#...#..#...#
#.##.#8..#.#..8#.#.#
..#####.##.##.......##....
.........#..#########.....
.########.............#..#
###.######.......[


You could see Gastronok, a centaur warrior, a two-headed ogre, an ogre mage, a
vampire mosquito, an orc wizard, a river rat (summoned) and a centaur
simulacrum.

Vanquished Creatures
  Sigmund (D:2)
  A wyvern (D:7)
  A steam dragon (D:7)
  A water moccasin (D:7)
  An orc warrior (D:7)
  An ice beast (D:5)
  An ogre (D:4)
  2 black bears
  A centaur (D:6)
  A phantom (D:6)
  A kobold brigand (D:5)
  A bullfrog (D:6)
  A gnoll sergeant (D:6)
  3 scorpions
  13 wights
  A howler monkey (D:5)
  An electric eel (D:8)
  4 jellies
  2 hounds
  A gnoll bouda (D:7)
  2 orc priests (D:7)
  An iguana (D:5)
  3 sleepcaps
  Ijyb (D:3)
  Robin (D:5)
  10 gnolls
  8 adders
  3 shadow imps
  5 white imps
  An ufetubus (D:4)
  2 worms
  3 dart slugs
  8 orcs
  13 ball pythons
  5 bats
  5 endoplasms
  3 giant cockroaches (D:1)
  12 hobgoblins
  2 jackals (D:4)
  10 kobolds
  A quokka (D:1)
  5 frilled lizards
  12 goblins
  4 rats
159 creatures vanquished.

Notes
Turn   | Place    | Note
-------+----------+-------------------------------------------
     0 | D:1      | qw the Gargoyle Fighter began the quest for the Orb.
     0 | D:1      | Reached XP level 1. HP: 14/14 MP: 1/1
     0 | D:1      | 0 ||| qw: Version: 0.2-a-101-gf424e7f
     0 | D:1      | 0 ||| qw: Game counter: 343
     0 | D:1      | 0 ||| qw: Always use a shield: true
     0 | D:1      | 0 ||| qw: God list: Okawaru
     0 | D:1      | 0 ||| qw: Allow faded altars: false
     0 | D:1      | 0 ||| qw: Do Orc after D:15 true
     0 | D:1      | 0 ||| qw: Do second Lair branch before Depths: true
     0 | D:1      | 0 ||| qw: Lair rune preference: random
     0 | D:1      | 0 ||| qw: Plans: Normal, Zot:1-4, Slime:5, God:TSO, Crypt,
                  | Tomb, Pan, Hells, Abyss, Win
     0 | D:1      | 0 ||| PLANNING D:1-11
   240 | D:1      | Reached XP level 2. HP: 19/19 MP: 2/2
   388 | D:1      | 388 ||| DROPPING +0 club.
   424 | D:1      | Found Mitasuin's Assorted Antiques.
   428 | D:1      | 428 ||| SHOPLISTING cloak (108 gold, have 9).
   428 | D:1      | 428 ||| SHOPLISTING dyed leather armour (120 gold, have 9).
   428 | D:1      | 428 ||| SHOPLISTING red potion (21 gold, have 9).
   428 | D:1      | 428 ||| SHOPLISTING scroll labelled NUB FOCWOPIU (24 gold,
                  | have 9).
   428 | D:1      | 428 ||| SHOPLISTING smoky orange potion (21 gold, have 9).
   633 | D:1      | Reached skill level 3 in Axes
   747 | D:1      | Reached XP level 3. HP: 19/23 MP: 3/3
   851 | D:1      | 851 ||| UPGRADING to +4 ring of protection.
   852 | D:1      | 852 ||| UPGRADING to ring of protection from cold.
   853 | D:1      | 853 ||| READING scroll labelled NUB FOCWOPIU.
  1016 | D:2      | 1016 ||| Stepping ~*~*~tactically~*~*~ (stealth).
  1049 | D:2      | Reached XP level 4. HP: 28/28 MP: 4/4
  1146 | D:2      | 1146 ||| Stepping ~*~*~tactically~*~*~ (stealth).
  1334 | D:2      | Noticed Sigmund
  1360 | D:2      | Killed Sigmund
  1361 | D:2      | Reached XP level 5. HP: 10/32 MP: 5/5
  1361 | D:2      | Reached XP level 6. HP: 12/37 MP: 6/6
  1903 | D:2      | 1903 ||| READING scroll labelled LUODDO DECYNLIGI.
  1904 | D:2      | 1904 ||| READING scroll labelled SURERUN SOSAXT.
  1905 | D:2      | 1905 ||| READING scroll labelled RAS ZAYXIASH.
  1910 | D:2      | 1910 ||| READING scroll labelled DULIZO ODIEWK.
  1911 | D:2      | 1911 ||| READING scroll labelled POECHE UCZEO.
  1912 | D:2      | 1912 ||| DRINKING 2 glowing coppery potions.
  1913 | D:2      | 1913 ||| DROPPING potion of brilliance.
  1974 | D:3      | 1974 ||| Stepping ~*~*~tactically~*~*~ (stealth).
  1976 | D:3      | 1976 ||| Stepping ~*~*~tactically~*~*~ (stealth).
  2095 | D:3      | 2095 ||| Stepping ~*~*~tactically~*~*~ (hiding).
  2204 | D:3      | 2204 ||| Stepping ~*~*~tactically~*~*~ (hiding).
  2205 | D:3      | 2205 ||| Stepping ~*~*~tactically~*~*~ (hiding).
  2231 | D:3      | Found Quk Atua's Book Shoppe.
  2416 | D:3      | Noticed Ijyb
  2437 | D:3      | Killed Ijyb
  2520 | D:3      | Found a runed translucent door.
  2521 | D:3      | Noticed Crazy Yiuf
  2671 | D:3      | 2671 ||| UPGRADING to +0 plate armour.
  2681 | D:3      | 2681 ||| DROPPING +0 scale mail.
  2682 | D:3      | 2682 ||| UPGRADING to +0 cloak.
  2687 | D:3      | 2687 ||| READING scroll labelled XUAPPELICK.
  2688 | D:3      | 2688 ||| READING scroll labelled GIEMIA ESYRGHI.
  2689 | D:3      | 2689 ||| READING scroll labelled ELUACE BYZECW.
  2690 | D:3      | 2690 ||| READING 2 scrolls labelled TEZIGHI HIYXAI.
  2691 | D:3      | 2691 ||| READING scroll labelled JULUKIOCWY.
  2692 | D:3      | 2692 ||| DROPPING scroll of blinking.
  2790 | D:4      | 2790 ||| Stepping ~*~*~tactically~*~*~ (stealth).
  2941 | D:4      | 2941 ||| Stepping ~*~*~tactically~*~*~ (stealth).
  2997 | D:4      | 2997 ||| DROPPING +0 mace.
  3104 | D:4      | Reached skill level 6 in Axes
  3104 | D:4      | Reached XP level 7. HP: 27/43 MP: 7/7
  3125 | D:4      | 3125 ||| Stepping ~*~*~tactically~*~*~ (stealth).
  3128 | D:4      | 3128 ||| Stepping ~*~*~tactically~*~*~ (stealth).
  3132 | D:4      | 3132 ||| Stepping ~*~*~tactically~*~*~ (stealth).
  3399 | D:5      | Entered Level 5 of the Dungeon
  3447 | D:5      | Found a staircase to the Ecumenical Temple.
  3448 | D:5      | 3448 ||| PLANNING TEMPLE
  3533 | D:5      | 3533 ||| Stepping ~*~*~tactically~*~*~ (stealth).
  3538 | Temple   | Entered the Ecumenical Temple
  3715 | Temple   | 3715 ||| PLANNING D:1-11
  3772 | D:5      | 3772 ||| Stepping ~*~*~tactically~*~*~ (stealth).
  3776 | D:5      | 3776 ||| Stepping ~*~*~tactically~*~*~ (stealth).
  3804 | D:5      | 3804 ||| Stepping ~*~*~tactically~*~*~ (hiding).
  3806 | D:5      | 3806 ||| Stepping ~*~*~tactically~*~*~ (hiding).
  3807 | D:5      | 3807 ||| Stepping ~*~*~tactically~*~*~ (hiding).
  3818 | D:5      | 3818 ||| Stepping ~*~*~tactically~*~*~ (stealth).
  3822 | D:5      | 3822 ||| Stepping ~*~*~tactically~*~*~ (stealth).
  3830 | D:5      | 3830 ||| Stepping ~*~*~tactically~*~*~ (stealth).
  3929 | D:5      | 3929 ||| Stepping ~*~*~tactically~*~*~ (stealth).
  3930 | D:5      | 3930 ||| Stepping ~*~*~tactically~*~*~ (stealth).
  3956 | D:5      | 3956 ||| Stepping ~*~*~tactically~*~*~ (water).
  3963 | D:5      | 3963 ||| Stepping ~*~*~tactically~*~*~ (stealth).
  3978 | D:5      | Reached XP level 8. HP: 41/49 MP: 8/8
  4110 | D:5      | 4110 ||| Stepping ~*~*~tactically~*~*~ (hiding).
  4111 | D:5      | 4111 ||| Stepping ~*~*~tactically~*~*~ (hiding).
  4112 | D:5      | 4112 ||| Stepping ~*~*~tactically~*~*~ (hiding).
  4126 | D:5      | 4126 ||| Stepping ~*~*~tactically~*~*~ (stealth).
  4135 | D:5      | Reached skill level 1 in Dodging
  4138 | D:5      | 4138 ||| FLEEEEING.
  4280 | D:5      | Noticed Robin
  4292 | D:5      | Killed Robin
  4306 | D:5      | HP: 9/49 [gnoll/+0 halberd (6)]
  4307 | D:5      | 4307 ||| READING 2 scrolls of teleportation.
  4308 | D:5      | 4308 ||| DRINKING 2 potions of heal wounds.
  4484 | D:5      | 4484 ||| UPGRADING to +0 helmet.
  4489 | D:5      | 4489 ||| READING scroll labelled YDUENI FIAR.
  4590 | D:5      | 4590 ||| READING scroll labelled LEAHOQ CICI.
  4591 | D:5      | 4591 ||| DRINKING 2 black potions.
  4592 | D:5      | 4592 ||| DRINKING 2 fuming emerald potions.
  4599 | D:5      | 4599 ||| DROPPING potion of ambrosia.
  4638 | D:6      | 4638 ||| Stepping ~*~*~tactically~*~*~ (stealth).
  4639 | D:6      | 4639 ||| Stepping ~*~*~tactically~*~*~ (stealth).
  4642 | D:6      | 4642 ||| Stepping ~*~*~tactically~*~*~ (hiding).
  4643 | D:6      | 4643 ||| Stepping ~*~*~tactically~*~*~ (hiding).
  4645 | D:6      | 4645 ||| Stepping ~*~*~tactically~*~*~ (hiding).
  4655 | D:6      | 4655 ||| FLEEEEING.
  4656 | D:6      | 4656 ||| FLEEEEING.
  4657 | D:6      | 4657 ||| FLEEEEING.
  4658 | D:6      | 4658 ||| FLEEEEING.
  4659 | D:6      | 4659 ||| FLEEEEING.
  4660 | D:6      | 4660 ||| FLEEEEING.
  4661 | D:6      | 4661 ||| STAIRDANCE
  4677 | D:5      | 4677 ||| DROPPING +6 ring of intelligence.
  4683 | D:6      | 4683 ||| STAIRDANCE
  4819 | D:6      | 4819 ||| Stepping ~*~*~tactically~*~*~ (hiding).
  4871 | D:6      | 4871 ||| Stepping ~*~*~tactically~*~*~ (stealth).
  4920 | D:6      | 4920 ||| Stepping ~*~*~tactically~*~*~ (hiding).
  5035 | D:6      | 5035 ||| UPGRADING to +0 kite shield.
  5045 | D:6      | 5045 ||| DROPPING +0 buckler.
  5046 | D:6      | 5046 ||| UPGRADING to amulet of guardian spirit.
  5053 | D:6      | 5053 ||| FLEEEEING.
  5054 | D:6      | 5054 ||| FLEEEEING.
  5055 | D:6      | 5055 ||| FLEEEEING.
  5056 | D:6      | 5056 ||| FLEEEEING.
  5058 | D:6      | 5058 ||| FLEEEEING.
  5059 | D:6      | 5059 ||| STAIRDANCE
  5092 | D:5      | 5092 ||| Stepping ~*~*~tactically~*~*~ (stealth).
  5155 | D:5      | 5155 ||| READING 2 scrolls of identify.
  5155 | D:5      | 5155 ||| IDENTIFYING orange potion
  5185 | D:6      | 5185 ||| Stepping ~*~*~tactically~*~*~ (hiding).
  5186 | D:6      | 5186 ||| Stepping ~*~*~tactically~*~*~ (hiding).
  5347 | D:6      | Reached XP level 9. HP: 52/54 MP: 7/9
  5558 | D:7      | 5558 ||| Stepping ~*~*~tactically~*~*~ (cloud).
  5564 | D:7      | Reached skill level 6 in Shields
  5564 | D:7      | 5564 ||| FLEEEEING.
  5570 | D:7      | 5570 ||| STAIRDANCE
  5716 | D:7      | Reached skill level 6 in Fighting
  5798 | D:7      | 5798 ||| Stepping ~*~*~tactically~*~*~ (stealth).
  5801 | D:7      | 5801 ||| Stepping ~*~*~tactically~*~*~ (hiding).
  5962 | D:7      | 5962 ||| Stepping ~*~*~tactically~*~*~ (hiding).
  5965 | D:7      | HP: 7/55 [gnoll/+0 heavy halberd[a gnoll bouda] (12)]
  5966 | D:7      | 5966 ||| READING 4 scrolls of teleportation.
  5967 | D:7      | 5967 ||| DRINKING potion of heal wounds.
  6273 | D:7      | 6273 ||| Stepping ~*~*~tactically~*~*~ (stealth).
  6274 | D:7      | 6274 ||| Stepping ~*~*~tactically~*~*~ (stealth).
  6500 | D:7      | Reached skill level 1 in Throwing
  6539 | D:7      | 6539 ||| DRINKING 2 grey potions.
  6540 | D:7      | 6540 ||| READING 2 scrolls of identify.
  6540 | D:7      | 6540 ||| IDENTIFYING sedimented grey potion
  6541 | D:7      | 6541 ||| DROPPING potion of berserk rage.
  6542 | D:7      | 6542 ||| DROPPING potion of degeneration.
  6772 | D:8      | 6772 ||| DROPPING +0 flail.
  6788 | D:8      | 6788 ||| DROPPING +1 flail of protection.
  7016 | D:8      | Found a transporter.
  7016 | D:8      | Noticed an ogre mage
  7017 | D:8      | Noticed a two-headed ogre
  7017 | D:8      | Noticed a centaur warrior
  7018 | D:8      | Found a transporter.
  7035 | D:8      | Noticed Gastronok
  7036 | D:8      | 7036 ||| Stepping ~*~*~tactically~*~*~ (hiding).
  7049 | D:8      | HP: 6/55 [Gastronok (19)]
  7050 | D:8      | 7050 ||| READING 4 scrolls of teleportation.
  7051 | D:8      | Killed from afar by Gastronok

Levels and vault maps discovered:
D:1:      minmay_arrival_plants_in_alcoves, layout_basic, serial_shops, shop
D:2:      layout_basic, minmay_misc_feat_more_columns, minmay_misc_feat_rows,
          nicolae_half_adder, uniq_sigmund
D:3:      kennysheep_the_goblin_king, layout_loops_ring, serial_shops, shop,
          minmay_shallow_snake_nest, uniq_crazy_yiuf_cottage
D:4:      layout_loops_ring
D:5:      cheibrodos_thug_alley, layout_gridville,
          minmay_temple_entry_enclosed_plants, nicolae_goblin_pals, uniq_ijyb
D:6:      layout_cave_pools, reono_crystal_passage
D:7:      layout_loops_ring, nicolae_elevator_lobby_plus
D:8:      gammafunk_sealed_arena, layout_loops_cross, enter_bailey_2,
          minivault_4, minmay_ruffians, uniq_maurice, uniq_erica, uniq_gastronok
Temple:   nicolae_temple_bog_church

Skill      XL: |  1  2  3  4  5  6  7  8  9 |
---------------+----------------------------+-----
Axes           | 2 3 5 6 7 8 |  8.7
Fighting       | 4 5 6 |  6.1
Armour         | 4 5 |  5.3
Dodging        | 1 |  1.5
Shields        | 5 8 |  8.0
Throwing       | 1 |  1.8

Action                     |  1- 3 |  4- 6 |  7- 9 || total
---------------------------+-------+-------+-------++-------
  Melee: War axe           |   114 |   161 |   350 ||   625
  Throw: Boomerang         |       |       |    19 ||    19
    Use: Scroll            |     1 |    10 |     7 ||    18
         Potion            |       |     1 |     5 ||     6
   Stab: Distracted        |       |       |     1 ||     1
 Armour: Scale mail        |    55 |   103 |       ||   158
         Plate armour      |       |    30 |   208 ||   238
  Dodge: Dodged            |    51 |    70 |    93 ||   214
  Block: Buckler           |    24 |    33 |    32 ||    89
         Kite shield       |       |       |    70 ||    70

Table legend:
 A = Non-vault XP
 B = Vault XP
 C = Vault XP percentage of total XP
 D = Non-vault monster count
 E = Vault monster count
 F = Vault count percentage of total count
                 A         B        C        D         E       F
            +---------+---------+-------+---------+---------+-------
      Total |    3835 |     472 |  11.0 |     126 |      33 |  20.8
            +---------+---------+-------+---------+---------+-------
        D:1 |      38 |       0 |   0.0 |      24 |       0 |   0.0
        D:2 |      39 |     266 |  87.2 |      11 |       4 |  26.7
        D:3 |      29 |      65 |  69.1 |      11 |      11 |  50.0
        D:4 |     333 |       0 |   0.0 |      13 |       0 |   0.0
        D:5 |     694 |     141 |  16.9 |      17 |      18 |  51.4
        D:6 |     878 |       0 |   0.0 |      17 |       0 |   0.0
        D:7 |    1029 |       0 |   0.0 |      18 |       0 |   0.0
        D:8 |     795 |       0 |   0.0 |      15 |       0 |   0.0
            +---------+---------+-------+---------+---------+-------
